 Dungeon Crawl Stone Soup version bcrawl-1.27.6 (webtiles) character file.

Game seed: 9047237373267988446

541959 Faustar the Nimble (level 13, -1/92 HPs)
             Began as a Fairy Conjurer on Sept 27, 2020.
             Was a Believer of Sif Muna.
             Shot with an arrow by Nessos (16 damage)
             ... on level 4 of the Lair of Beasts.
             The game lasted 00:42:30 (10209 turns).

Faustar the Nimble (Fairy Conjurer)                Turns: 10209, Time: 00:42:31

Health: -1/92      AC:  8    Str:  6    XL:     13   Next: 3%
Magic:  22/29      EV: 12    Int: 24    God:    Sif Muna [**....]
Gold:   702        SH:  0    Dex: 13    Spells: 10/32 levels left

rFire    . . .     SeeInvis .   y - staff of conjuration
rCold    . . .     Gourm    .   (shield currently unavailable)
rNeg     . . .     Faith    .   (armour unavailable)
rPois    +         Spirit   .   O - +0 helmet
rElec    .         Reflect  .   j - scarf {stasis}
rCorr    +         Harm     .   (no gloves)
MR       +....                  (no boots)
Stlth    +.........             F - amulet of magic regeneration
HPRegen  0.25/turn              z - ring of resist corrosion
MPRegen  0.46/turn              A - ring of Charity {+Fly rPois}

@: lethally poisoned (-1 -> -11), petrifying, flying evasively, divine energy,
very slow
A: small, magic attunement, unstealthy, unfitting armour, able to fly, AC/SH +7
a: Stop Flying, Stop Divine Energy, Renounce Religion


You were on level 4 of the Lair of Beasts.
You worshipped Sif Muna.
Sif Muna was pleased with you.
You were not hungry.

You visited 3 branches of the dungeon, and saw 13 of its levels.
You also visited: Sewer.

You collected 702 gold pieces.

Inventory:

Hand Weapons
 t - a -2 hand axe
 u - a +3 whip
Armour
 j - a scarf of stasis (worn)
 O - a +0 helmet (worn)
Magical Staves
 y - an uncursed staff of conjuration (weapon)
Jewellery
 q - the ring of Raveob {rPois rF- rN+ MR+ Dex+2}
   (You found it on level 4 of the Dungeon)

   [ring of positive energy]

   It affects your dexterity (+2).
   It makes you vulnerable to fire.
   It protects you from poison.
   It protects you from negative energy.
   It affects your resistance to hostile enchantments.
 z - a ring of resist corrosion (left hand)
 A - the ring of Charity (right hand) {+Fly rPois}
   (You found it on level 6 of the Dungeon)

   [ring of flight]

   It protects you from poison.
   It lets you fly.
 F - an amulet of magic regeneration (around neck)
 G - an uncursed amulet of regeneration
 N - the ring of Fragile Peace {Fire +Blink MR- Int+4}
   (You found it on level 3 of the Lair of Beasts)

   [ring of fire]

   It enhances your fire magic.
   It affects your intelligence (+4).
   It protects you from fire.
   It makes you vulnerable to cold.
   It affects your resistance to hostile enchantments.
   It lets you blink.
 Q - an uncursed ring of protection from cold
 S - the ring of Nixketz {Fire MR- Int+5}
   (You found it on level 3 of the Lair of Beasts)

   [ring of fire]

   It enhances your fire magic.
   It affects your intelligence (+5).
   It protects you from fire.
   It makes you vulnerable to cold.
   It affects your resistance to hostile enchantments.
Wands
 s - a wand of iceblast (8)
 C - a wand of enslavement (9)
 D - a wand of digging (5)
 E - a wand of acid (8)
 H - a wand of random effects (3)
 I - a wand of flame (12)
 K - a wand of disintegration (14)
 M - a wand of paralysis (4)
Scrolls
 f - a scroll of identify
 h - 6 scrolls of remove curse
 n - 2 scrolls of fear {unknown}
 r - 5 scrolls of teleportation {unknown}
 v - a scroll of enchant armour {unknown}
 w - 5 scrolls of enchant weapon {unknown}
 x - a scroll of immolation
 B - 2 scrolls of magic mapping
 P - a scroll of brand weapon
Potions
 a - 9 potions of flight
 b - a potion of magic
 c - 2 potions of haste
 d - 2 potions of invisibility
 g - a potion of cancellation
 i - 2 potions of agility
 k - 6 potions of curing
 l - a potion of brilliance
 m - 2 potions of ambrosia
 o - 2 potions of might
 p - 2 potions of degeneration
 J - 3 potions of heal wounds
 R - 2 potions of lignification
Miscellaneous
 L - a phial of floods
Comestibles
 e - 13 rations {!d}


   Skills:
 - Level 10.0 Fighting
 - Level 12.0 Dodging
 - Level 1.5 Stealth
 - Level 10.0 Spellcasting
 + Level 11.7 Conjurations
 - Level 7.0 Hexes
 - Level 10.0 Fire Magic


You had 10 spell levels left.
You knew the following spells:

 Your Spells              Type           Power        Failure   Level  Hunger
a - Magic Dart            Conj           ####         1%          1    None
b - Searing Ray           Conj           #######.     1%          2    None
c - Fulminant Prism       Conj/Hex       ######....   1%          4    None
d - Conjure Flame         Conj/Fire      #######.     1%          3    None
e - Fireball              Conj/Fire      #######...   1%          5    None
f - Orb of Destruction    Conj           #######...   36%         7    None

Your spell library contained the following spells:

 Spells                   Type           Power        Failure   Level  Hunger
 Corona                   Hex            #####..      1%          1    None
 Flame Tongue             Conj/Fire      #####        1%          1    None
 Slow                     Hex            #####...     1%          1    None
 Flaming Arrows           Chrm/Fire      #####...     1%          2    None
 Shackle                  Hex            #####...     1%          2    None
 Inner Flame              Hex/Fire       N/A          1%          3    None
 Iskenderun's Mystic Bla  Conj           #######.     1%          3    None
 Sticky Flame             Conj/Fire      #######.     1%          4    None
 False Image              Hex/Summ       ####....     3%          3    None
 Cause Fear               Hex            #####.....   3%          4    None
 Apportation              Tloc           ##....       5%          1    None
 Infusion                 Chrm           ##......     5%          1    None
 Sandblast                Erth           ##....       5%          1    None
 Summon Butterflies       Summ           ##......     5%          1    None
 Call Imp                 Summ           ##....       8%          2    None
 Yara's Violent Unravell  Hex/Tmut       ####......   12%         4    None
 Irradiate                Conj/Tmut      ######....   13%         5    None
 Iskenderun's Battlesphe  Conj/Chrm      ######..     13%         5    None
 Recall                   Summ/Tloc      N/A          16%         3    None
 Silence                  Hex/Air        ####......   34%         5    None
 Summon Ice Beast         Ice/Summ       ##......     45%         4    None
 Conjure Ball Lightning   Conj/Air       ######....   58%         6    None
 Iron Shot                Conj/Erth      ######....   58%         6    None
 Poison Arrow             Conj/Pois      ######....   58%         6    None
 Summon Lightning Spire   Summ/Air       ##......     82%         5    None
 Spellforged Servitor     Conj/Summ      ######....   99%         7    None
 Deflect Missiles         Chrm/Air       ##........   100%        6    None
 Monstrous Menagerie      Summ           ##........   100%        7    None
 Tornado                  Air            ##........   100%        9    None


Dungeon Overview and Level Annotations

Branches:
Dungeon (8/12)             Temple (1/1) D:7            Lair (4/6) D:8
  Snake (0/3) Lair:2          Orc (0/1) D:8
  Swamp: Lair:2-4    Shoals: Lair:2-4

Altars:
Ashenzari
Cheibriados
Dithmenos
Elyvilon
Fedhas
Gozag
Hepliaklqana
Kikubaaqudgha
Lugonu
Makhleb
Okawaru
Qazlal
Ru
Sif Muna
Trog
Uskayaw
Vehumet
Wu Jian
Xom
Yredelemnul
Zin
The Shining One

Shops:
D:4 *   D:8 [

Annotations:
Lair:4 Nessos


Innate Abilities, Weirdness & Mutations

Your spells do not cause hunger and MP costs are reduced by 1.
Your bright wings attract enemies. (Stealth-)
You cannot fit into any form of body armour.
Your shimmering scales are hard and can block incoming attacks. (AC +7, SH +7)
You are small and have problems with some larger weapons.
You can fly continuously.


Message History

You start removing your armour.
You continue taking off your scarf of stasis.
The basilisk barely misses you.
You continue taking off your scarf of stasis.
Nessos shoots an arrow.
The arrow hits you!!
* * * LOW HITPOINT WARNING * * *
The arrow burns you.
You are poisoned.
* * * LOW HITPOINT WARNING * * *
The basilisk completely misses you.
You continue taking off your scarf of stasis.
You feel sick.
Nessos shoots an arrow.
The arrow closely misses you. The basilisk gazes at you.
You easily resist.
Nessos blinks!
You continue taking off your scarf of stasis.
You feel sick. The basilisk gazes at you.
You are slowing down.
Nessos shoots an arrow.
The arrow hits you!!
You die...

.#.###..######.#.....>..+..##....
.### ##..# ##..........####....
.# #..#.# ##........## #.... .#
##.### #.###.+.## ##.#. # #...###
#####..## ####
##...#.#######...## #....††..#
...+#..## ♣..#...†..## #........
..†........####@...§†..
..⌠.........#..l!......
♣♣...........c+..†.....
...#........##....†...P
.#####...#### #......P. ##..#
####'..#. #.. ..## ..# #.. ..


You could see Nessos and a basilisk.

Vanquished Creatures
  Kirke (Lair:4)
  4 hydras
  A catoblepas (Lair:3)
  Pikel (D:8)
  An oklob plant (Lair:3)
  6 cane toads
  2 centaur skeletons
  A komodo dragon (Lair:1)
  A rime drake (Lair:4)
  A troll (D:8)
  A polar bear (Lair:3)
  2 hippogriffs (Lair:2)
  A hornet (Lair:4)
  7 blink frogs
  Grinder (D:3)
  A basilisk (Lair:1)
  2 humans (Lair:4)
  A wyvern (Lair:1)
  31 yaks
  A hungry ghost (D:8)
  A hog (Lair:4)
  9 crocodiles
  2 swamp worms (Lair:4)
  An acid dragon (D:7)
  3 nagas (Lair:2)
  6 porcupines
  3 water moccasins
  7 orc warriors
  A sky beast (D:7)
  2 ice beasts
  A phantom (D:6)
  3 slaves (D:8)
  2 ogres
  2 centaurs (D:7)
  6 wolves (Lair:1)
  8 bullfrogs
  2 gnoll sergeants
  4 scorpions
  4 wights (D:8)
  An electric eel (Lair:1)
  A howler monkey (D:6)
  5 crimson imps
  3 centaur zombies
  A quasit (D:7)
  A bullfrog zombie (D:7)
  4 hounds
  7 orc wizards
  A jelly (D:7)
  3 orc priests
  A bullfrog skeleton (D:4)
  3 iguanas
  5 worker ants
  A hound zombie (D:7)
  A howler monkey zombie (D:7)
  12 gnolls
  8 adders
  6 oozes
  2 adder zombies (D:5)
  2 adder skeletons
  10 worms
  9 leopard geckos
  29 orcs
  7 giant cockroaches
  4 goblins
  4 hobgoblins
  19 jackals
  3 quokkas
  A ball python (D:2)
  4 bats
  3 frilled lizards
  A jackal zombie (D:5)
  5 kobolds
  A quokka skeleton (D:5)
  8 rats
  2 fungi (Lair:4)
  3 plants
315 creatures vanquished.

Vanquished Creatures (others)
  A slave (D:8)
  86 fulminant prisms
  4 fungi
91 creatures vanquished.

Grand Total: 406 creatures vanquished

Notes
Turn   | Place    | Note
-------+----------+-------------------------------------------
     0 | D:1      | Faustar the Fairy Conjurer began the quest for the Orb.
     0 | D:1      | Reached XP level 1. HP: 11/11 MP: 6/6
   292 | D:1      | Reached skill level 5 in Conjurations
   514 | D:1      | Reached XP level 2. HP: 17/17 MP: 8/8
   703 | D:1      | Learned a level 2 spell: Searing Ray
   964 | D:2      | Reached XP level 3. HP: 21/21 MP: 10/10
  1494 | D:3      | Reached XP level 4. HP: 20/27 MP: 4/12
  1555 | D:3      | Learned a level 4 spell: Fulminant Prism
  1570 | D:3      | Reached skill level 1 in Hexes
  1643 | D:3      | Found a glowing drain.
  1649 | D:3      | Reached XP level 5. HP: 28/31 MP: 9/13
  1692 | Sewer    | Entered a sewer
  2606 | D:3      | Reached XP level 6. HP: 36/36 MP: 12/15
  2609 | D:3      | Reached skill level 5 in Spellcasting
  3102 | D:3      | Noticed Grinder
  3102 | D:3      | Paralysed by Grinder for 2 turns
  3111 | D:3      | Killed Grinder
  3111 | D:3      | Reached XP level 7. HP: 39/41 MP: 5/17
  3355 | D:4      | Found Gioghizxu's Assorted Antiques.
  3771 | D:4      | Got a wavering wooden ring
  3877 | D:4      | Reached skill level 5 in Hexes
  4453 | D:5      | Entered Level 5 of the Dungeon
  4469 | D:5      | Reached XP level 8. HP: 38/46 MP: 13/19
  5102 | D:6      | Got a warped ivory ring
  5118 | D:6      | Identified the ring of Raveob {rPois rF- rN+ MR+ Dex+2}
                  | (You found it on level 4 of the Dungeon)
  5119 | D:6      | Identified the ring of Charity {+Fly rPois} (You found it
                  | on level 6 of the Dungeon)
  5210 | D:6      | Found an ornate altar of the Wu Jian Council.
  5282 | D:6      | Reached XP level 9. HP: 51/51 MP: 17/23
  5707 | D:7      | Reached skill level 10 in Conjurations
  5764 | D:6      | Reached skill level 10 in Spellcasting
  5923 | D:7      | Learned a level 3 spell: Conjure Flame
  5929 | D:7      | Learned a level 5 spell: Fireball
  5938 | D:7      | Reached XP level 10. HP: 42/56 MP: 17/26
  5940 | D:7      | Reached skill level 5 in Fire Magic
  6216 | D:7      | Found a staircase to the Ecumenical Temple.
  6225 | Temple   | Entered the Ecumenical Temple
  6388 | Temple   | Became a worshipper of Sif Muna the Loreminder
  6692 | D:8      | Noticed a four-headed hydra
  6700 | D:8      | Killed a four-headed hydra
  6700 | D:8      | Reached * piety under Sif Muna
  6701 | D:8      | Noticed Pikel
  6712 | D:8      | Killed Pikel
  6712 | D:8      | Identified Sif Muna's Guide on the Escort (Sif Muna gifted
                  | it to you on level 8 of the Dungeon)
  6712 | D:8      | Received a gift from Sif Muna
  6927 | D:8      | Reached skill level 10 in Fire Magic
  6927 | D:8      | Reached skill level 3 in Dodging
  6939 | D:8      | Reached skill level 1 in Fighting
  6966 | D:8      | Found a staircase to the Orcish Mines.
  6969 | D:8      | Reached skill level 4 in Dodging
  6969 | D:8      | Reached XP level 11. HP: 45/67 MP: 8/27
  6972 | D:8      | Reached skill level 5 in Dodging
  7207 | D:8      | Found Goyrorch's Antique Armour Emporium.
  7248 | D:8      | Found a staircase to the Lair.
  7406 | Lair:1   | Entered Level 1 of the Lair of Beasts
  7427 | Lair:1   | Reached skill level 6 in Dodging
  7532 | Lair:1   | Reached skill level 7 in Dodging
  7610 | Lair:1   | Reached skill level 8 in Dodging
  7632 | Lair:1   | Reached skill level 9 in Dodging
  7770 | Lair:1   | Reached skill level 10 in Dodging
  7977 | Lair:1   | Found a glowing silver altar of Zin.
  8252 | Lair:2   | Reached skill level 5 in Fighting
  8269 | Lair:2   | Noticed a seven-headed hydra
  8274 | Lair:2   | Killed a seven-headed hydra
  8461 | Lair:2   | Found a staircase to the Snake Pit.
  8585 | Lair:2   | Reached XP level 12. HP: 62/79 MP: 24/28
  8585 | Lair:2   | Reached skill level 11 in Dodging
  9135 | Lair:2   | Learned a level 7 spell: Orb of Destruction
  9175 | Lair:3   | Reached skill level 12 in Dodging
  9516 | Lair:3   | Got a warped turquoise ring
  9634 | Lair:3   | Noticed a catoblepas
  9641 | Lair:3   | Killed a catoblepas
  9669 | Lair:3   | Got a brightly glowing steel ring
  9671 | Lair:3   | Identified the ring of Fragile Peace {Fire +Blink MR-
                  | Int+4} (You found it on level 3 of the Lair of Beasts)
  9675 | Lair:3   | Identified the ring of Nixketz {Fire MR- Int+5} (You found
                  | it on level 3 of the Lair of Beasts)
  9680 | Lair:3   | Noticed a four-headed hydra
  9685 | Lair:3   | Killed a four-headed hydra
 10102 | Lair:4   | Noticed an eight-headed hydra
 10106 | Lair:4   | Killed an eight-headed hydra
 10132 | Lair:4   | Reached skill level 10 in Fighting
 10180 | Lair:4   | Noticed Kirke
 10189 | Lair:4   | Killed Kirke
 10189 | Lair:4   | Reached ** piety under Sif Muna
 10189 | Lair:4   | Reached XP level 13. HP: 92/92 MP: 23/29
 10196 | Lair:4   | Noticed Nessos
 10209 | Lair:4   | Shot with an arrow by Nessos

Skill      XL: |  1  2  3  4  5  6  7  8  9 10 11 12 |
---------------+-------------------------------------+-----
Conjurations   | 5 6 7 9 10 11 | 11.7
Spellcasting   | 3 4 5 6 8 10 | 10.0
Hexes          | 1 2 4 5 6 7 |  7.0
Fire Magic     | 3 10 | 10.0
Dodging        | 4 10 12 | 12.0
Fighting       | 3 6 10 | 10.0
Stealth        | |  1.5

Action                   |  1- 3 |  4- 6 |  7- 9 | 10-12 | 13-15 || total
-------------------------+-------+-------+-------+-------+-------++-------
Melee: Unarmed           |    42 |    48 |       |       |       ||    90
       Hand axe          |       |       |    12 |       |       ||    12
       Staff             |       |       |    11 |     3 |       ||    14
 Cast: Magic Dart        |    45 |    43 |    73 |    67 |       ||   228
       Searing Ray       |     4 |    19 |    45 |    43 |       ||   111
       Fulminant Prism   |       |       |    19 |    65 |     2 ||    86
       Fireball          |       |       |       |    37 |       ||    37
       Conjure Flame     |       |       |       |     7 |       ||     7
Invok: Divine Energy     |       |       |       |     1 |       ||     1
Evoke: Wand              |       |       |     4 |     2 |       ||     6
  Use: Scroll            |     2 |     1 |     1 |    15 |       ||    19
  Eat: Chunk             |     2 |     8 |    12 |    16 |       ||    38
Armor: Skin              |     3 |     9 |    13 |     6 |     1 ||    32
Dodge: Dodged            |    38 |    70 |    61 |    64 |     3 ||   236
Block: Other             |     6 |    22 |    25 |    32 |       ||    85
